 Dungeon Crawl Stone Soup version 0.21-a0-508-gf08a75f (webtiles) character file.

52 Dawnplanks the Digger (level 3, -5/20 HPs)
             Began as a Gargoyle Earth Elementalist on Nov 28, 2017.
             Splashed by Ijyb's acid (11 damage)
             ... on level 3 of the Dungeon.
             The game lasted 00:05:38 (1835 turns).

Dawnplanks the Digger (Gargoyle Earth Elementalist) Turns: 1835, Time: 00:05:39

Health: -5/20      AC:  1    Str: 11    XL:     3   Next: 85%
Magic:  1/6        EV: 12    Int: 16    God:
Gold:   185        SH:  0    Dex: 10    Spells: 5/6 levels left

rFire    . . .     SeeInvis .   a - +0 short sword
rCold    . . .     Gourm    .   (no shield)
rNeg     + . .     Faith    .   c - +0 robe
rPois    ∞         Spirit   .   (no helmet)
rElec    +         Reflect  .   (no cloak)
rCorr    .         Harm     .   (no gloves)
MR       .....                  (no boots)
Stlth    ++........             (no amulet)
HPRegen  0.06/turn              (no ring)
MPRegen  0.10/turn              (no ring)

@: corroded, very slightly contaminated
A: negative energy resistance 1, electricity resistance, unbreathing,
petrification resistance, rot immunity, AC +3
a: no special abilities


You were on level 3 of the Dungeon.
You were not hungry.

You visited 1 branch of the dungeon, and saw 3 of its levels.

You collected 185 gold pieces.

Inventory:

Hand Weapons
 a - a +0 short sword (weapon)
Missiles
 b - 87 stones (quivered)
Armour
 c - a +0 robe (worn)
Jewellery
 i - an uncursed ring of magical power {unknown}
Scrolls
 f - a scroll of random uselessness {unknown}
 g - a scroll of identify {unknown}
 h - a scroll of immolation {unknown}
 k - a scroll of teleportation {unknown}
 p - a scroll of magic mapping {unknown}
Potions
 j - a potion of might {unknown}
 l - a potion of haste {unknown}
 n - a potion of curing {unknown}
Books
 e - a book of Geomancy

   Spells                             Type                      Level
   a - Sandblast                      Earth                        1
   b - Passwall                       Transmutation/Earth          2
   c - Stone Arrow                    Conjuration/Earth            3
   d - Petrify                        Transmutation/Earth          4
   e - Lee's Rapid Deconstruction     Earth                        5
Comestibles
 d - 3 bread rations
 m - 2 meat rations
 o - a chunk of flesh


   Skills:
 * Level 1.6 Fighting
 + Level 2.1 Dodging
 - Level 2.1 Stealth
 + Level 2.3 Spellcasting
   Level 0.7 Transmutations
 + Level 4.2 Earth Magic


You had 5 spell levels left.
You knew the following spells:

 Your Spells              Type           Power        Failure   Level  Hunger
a - Sandblast             Erth           ###...       3%          1    #......


Dungeon Overview and Level Annotations

Branches:
Dungeon (3/15)

Altars:
Xom

Annotations:
D:3 Ijyb


Innate Abilities, Weirdness & Mutations

You are resistant to torment.
Your stone body is resilient. (AC +3)
You are immune to poison.
You resist negative energy. (rN+)
You are resistant to electric shocks. (rElec)
You can survive without breathing.
You are immune to petrification.
You are immune to rotting.


Message History

Press: ? - help, Shift-Dir - straight line, f/p - Ijyb
Aim: Ijyb, wearing a scale mail and carrying a wand of acid (6) (lightly wounded)
The blast of sand hits Ijyb.
Ijyb is lightly wounded.
b - 88 stones Ijyb barely misses you.
Casting: Sandblast
Confirm with . or Enter, or press ? or * to list all spells.
Aiming: Sandblast
Press: ? - help, Shift-Dir - straight line, f/p - Ijyb
Aim: Ijyb, wearing a scale mail and carrying a wand of acid (6) (lightly wounded)
The blast of sand hits Ijyb.
Ijyb is moderately wounded.
b - 87 stones Ijyb zaps a wand.
The bolt of acid hits you!
Ouch! That really hurt!
* * * LOW HITPOINT WARNING * * *
The acid corrodes you!
You are splashed with acid!
The acid burns!
Ouch! That really hurt!
You die...

....#).......
....÷###..... ...#
#...## #.#. #..# ##.##
#.# #..# #.# . ...# #.#
#.#..# ##'## #####.#..#
#...## ......g..#
.....## ### #@# ......##
##.###.#
.......####†..##.##.###
.......'........>.......
.......####...##.##.###.
......## ##.###.# #
.....## #.>.... #...##
#.##..## ##+## #.# .##


You could see Ijyb.

Vanquished Creatures
  An ooze (D:1)
  A leopard gecko (D:2)
  A ball python (D:1)
  6 bats
  4 giant cockroaches (D:1)
  4 goblins
  7 hobgoblins
  4 jackals (D:2)
  5 kobolds
  A quokka (D:3)
  A frilled lizard (D:3)
  7 rats
42 creatures vanquished.

Notes
Turn   | Place    | Note
-------+----------+-------------------------------------------
     0 | D:1      | Dawnplanks the Gargoyle Earth Elementalist began the quest for the Orb.
     0 | D:1      | Reached XP level 1. HP: 10/10 MP: 3/3
   252 | D:1      | Reached XP level 2. HP: 12/16 MP: 5/5
   356 | D:1      | Reached skill level 1 in Fighting
   446 | D:1      | Reached skill level 4 in Earth Magic
   543 | D:1      | Reached XP level 3. HP: 18/20 MP: 6/6
  1528 | D:2      | Found a shimmering altar of Xom.
  1827 | D:3      | Noticed Ijyb
  1835 | D:3      | Splashed by Ijyb's acid

Vault maps used:
D:1:      dpeg_arrival_stone_temple_mockup, minmay_misc_feat_hallway
D:2:      lemuel_upstairs_altar, xom_teletrap_fun, grunt_decor_cap
D:3:      uniq_ijyb

Skill      XL: |  1  2  3 |
---------------+----------+-----
Fighting       | 1 |  1.6
Earth Magic    | 4 |  4.2
Dodging        | 2 |  2.1
Stealth        | |  2.1
Spellcasting   | |  2.3
Transmutations | |  0.7

Action                   || total
-------------------------++-------
Melee: Short sword       ||   180
       Unarmed           ||     4
 Cast: Sandblast         ||    11
 Stab: Sleeping          ||     6
  Eat: Chunk             ||     3
Armor: Robe              ||    48
Dodge: Dodged            ||   140

Table legend:
 A = Spawn XP
 B = Non-spawn XP
 C = Spawn XP percentage of total XP
 D = Spawn monster count
 E = Non-spawn monster count
 F = Spawn count percentage of total count
 G = Total turns spent on level
                    A         B        C        D         E        F      G
               +---------+---------+-------+---------+---------+-------+---------
         Total |       0 |      75 |   0.0 |       0 |      42 |   0.0 |  1835
               +---------+---------+-------+---------+---------+-------+---------
           D:1 |       0 |      39 |   0.0 |       0 |      20 |   0.0 |   817
           D:2 |       0 |      26 |   0.0 |       0 |      15 |   0.0 |   741
           D:3 |       0 |      10 |   0.0 |       0 |       7 |   0.0 |   277
               +---------+---------+-------+---------+---------+-------+---------
